AoeStats
← Malelf

Arabia

507669220Analyzed
1v1 RM · 13d ago on Sep 19, 2026· 19m 43s· 2 players
Game mode
Random Map
Map size
Tiny (2 player)
Population
200
Speed
Normal
Resources
Standard
Victory
Conquest
Starting age
Dark Age
Ending age
Imperial Age
RankedLock teamsTeams togetherTeam positionsShared explorationLock speedFull tech treeHidden civsTurbo modeCheats
Victory
Defeat
🇻🇳 Wei · Vietnam
1838
+10
🇮🇹 Vikings · Italy
1695
-10
Open
7:03 Loom
9:05 Feudal Age
10:04 Double-Bit Axe
11:25 Horse Collar
14:19 Fletching
22:12 Castle Age
Malelf
7:00 Loom
9:48 Feudal Age
9:53 Man-at-Arms
10:21 Double-Bit Axe
12:10 Horse Collar
17:29 Fletching
21:09 Castle Age
Connection lost

Rejoining the realm…

Still unreachable

The connection could not be restored.

Session expired

The server has moved on; the page needs a fresh start.